 Dungeon Crawl Stone Soup version 0.21.1-1-g345015f (webtiles) character file.

54 Iko the Twirler (level 4, -1/34 HPs)
             Began as a Formicid Gladiator on May 1, 2018.
             Was an Initiate of Gozag.
             Slain by a human zombie (3 damage)
             ... on level 4 of the Dungeon.
             The game lasted 00:16:06 (1505 turns).

Iko the Twirler (Formicid Gladiator)                Turns: 1505, Time: 00:16:07

Health: -1/34      AC:  6    Str: 18    XL:     4   Next: 12%
Magic:  4/4        EV: 11    Int:  9    God:    Gozag
Gold:   199        SH:  3    Dex: 12    Spells: 3/3 levels left

rFire    . . .     SeeInvis +   a - +0 quarterstaff
rCold    + + .     Gourm    .   j - +0 buckler
rNeg     . . .     Faith    .   c - +0 ring mail
rPois    +         Spirit   .   (helmet unavailable)
rElec    +         Reflect  .   (no cloak)
rCorr    +         Harm     .   b - +0 pair of gloves
MR       .....                  (no boots)
Stlth    +.........             (no amulet)
HPRegen  0.11/turn              p - ring of ice
MPRegen  0.09/turn              (no ring)

@: resistant, flying
A: permanent stasis, dig shafts and tunnels, four strong arms, antennae 3
a: Dig, Shaft Self, Potion Petition, Call Merchant, Bribe Branch, Renounce
Religion


You were on level 4 of the Dungeon.
You worshipped Gozag.
Gozag was aware of your devotion.
You were near starving.

You visited 1 branch of the dungeon, and saw 4 of its levels.

You collected 235 gold pieces.
You paid 36 gold pieces to Gozag.

Inventory:

Hand Weapons
 a - a +0 quarterstaff (weapon)
Armour
 b - a +0 pair of gloves (worn)
 c - a +0 ring mail (worn)
 j - a +0 buckler (worn)
Jewellery
 p - a ring of ice (left hand)
Wands
 i - a wand of digging (6)
Scrolls
 f - 3 scrolls of teleportation
 k - 2 scrolls of random uselessness {unknown}
 l - a scroll of remove curse {unknown}
 o - a scroll of amnesia {unknown}
Potions
 e - a potion of might {unknown}
 g - a potion of lignification
 h - a potion of flight
 m - a potion of magic
Comestibles
 d - 4 rations


   Skills:
 + Level 2.5 Fighting
 + Level 3.7 Staves
 + Level 2.0 Throwing
 + Level 0.5 Armour
 + Level 3.3 Dodging
 + Level 0.1 Stealth
 + Level 0.3 Shields


You had 3 spell levels left.
You didn't know any spells.

Dungeon Overview and Level Annotations

Branches:
Dungeon (4/15)
 Temple: D:4-7

Altars:
Dithmenos
Gozag
Kikubaaqudgha

Annotations:
D:4 1 runed door


Innate Abilities, Weirdness & Mutations

You cannot be hasted, slowed, berserked, paralysed or teleported.
You can dig through walls and to a lower floor.
Your four strong arms can wield two-handed weapons with a shield.
You have a pair of large antennae on your head. (SInv)


Message History

The human zombie hits you!
* * * LOW HITPOINT WARNING * * *
It was a potion of resistance.
You feel protected. The human zombie hits you.
* * * LOW HITPOINT WARNING * * *
You sock the human zombie!
The human zombie is severely damaged.
The human zombie barely misses you.
You barely miss the human zombie.
The human zombie is severely damaged.
The human zombie hits you but does no damage.
Your shield and ring mail prevent you from hitting the human zombie.
The human zombie is severely damaged.
The human zombie hits you.
* * * LOW HITPOINT WARNING * * *
You feel very buoyant.
You fly up into the air.
The human zombie hits you.
You die...
Your body crumbles into a pile of gold.

.... .... #..## .......
#...### .......
.....#####.......
#...............
##.....###.......
#@......##.......
.......Z#.....##.......#
.......####.........#...
###.... #......##...##
#p#.... ####.........#
#+#.... ##..###....
..).... ##........
####.8. #........
#........


You could see a human zombie and a neutral human.

Vanquished Creatures
  A worker ant (D:4)
  2 oozes
  A dart slug (D:1)
  An orc (D:3)
  A giant cockroach (D:2)
  2 jackals (D:1)
  A quokka (D:4)
  A ball python (D:3)
  4 bats
  2 frilled lizards
  A goblin (D:2)
  2 kobolds
  2 rats
21 creatures vanquished.

Notes
Turn   | Place    | Note
-------+----------+-------------------------------------------
     0 | D:1      | Iko the Formicid Gladiator began the quest for the Orb.
     0 | D:1      | Reached XP level 1. HP: 16/16 MP: 1/1
   146 | D:1      | Reached XP level 2. HP: 22/22 MP: 2/2
   261 | D:2      | Found an opulent altar of Gozag.
   276 | D:2      | Became a worshipper of Gozag Ym Sagoz the Greedy
   343 | D:2      | Found an ancient bone altar of Kikubaaqudgha.
   522 | D:3      | Noticed an electric eel
   551 | D:3      | Found a shadowy altar of Dithmenos.
   803 | D:2      | Reached XP level 3. HP: 25/28 MP: 3/3
  1279 | D:4      | Reached XP level 4. HP: 31/34 MP: 4/4
  1484 | D:4      | Found a runed door.
  1484 | D:4      | Noticed a human
  1505 | D:4      | Slain by a human zombie

Skill      XL: |  1  2 |
---------------+-------+-----
Dodging        | 3 |  3.3
Fighting       | |  2.5
Staves         | |  3.7
Throwing       | |  2.0
Armour         | |  0.5
Stealth        | |  0.1
Shields        | |  0.3

Action                   |  1- 3 |  4- 6 || total
-------------------------+-------+-------++-------
Melee: Quarterstaff      |    61 |    22 ||    83
Invok: Potion Petition   |     1 |       ||     1
 Abil: Dig               |     1 |       ||     1
Evoke: Wand              |     1 |       ||     1
  Use: Scroll            |     6 |       ||     6
       Potion            |       |     2 ||     2
Armor: Leather armour    |    17 |       ||    17
       Ring mail         |     9 |     2 ||    11
Dodge: Dodged            |    73 |     5 ||    78
Block: Buckler           |     8 |     2 ||    10
